Map: Proxima Station LE

Players

Caliber - Winner!

  • Race: Protoss Protoss
  • Spawn Location: 1:00

SirRobin

  • Race: Zerg Zerg
  • Spawn Location: 7:00

Event: WCS Austin 2017

VOD

Have the link to the VOD?

Description

Time

  • Played on: April 28, 2017, 6:21 p.m.
  • Length: 20:24

All games in this series

Show
View Real Time Build Order
Export as new Build Order

Caliber Protoss - Winner!

Build Orders:  

Get SALT Encoding   

  12  0:01  Probe (Chrono Boost)  
  13  0:11  Probe (Chrono Boost)  
  14  0:17  Pylon  
  14  0:22  Probe (Chrono Boost)  
  16  0:35  Probe (Chrono Boost)  
  16  0:38  Forge  
  16  0:46  Probe (Chrono Boost)  
  17  0:57  Probe (Chrono Boost)  
  18  1:01  Gateway  
  18  1:07  Probe (Chrono Boost)  
  18  1:09  Pylon  
  19  1:18  Probe (Chrono Boost)  
  20  1:27  Photon Cannon  
  20  1:32  Assimilator  
  20  1:34  Probe (Chrono Boost)  
  21  1:44  Assimilator, Probe (Chrono Boost)  
  22  1:50  Cybernetics Core  
  22  1:55  Probe (Chrono Boost)  
  23  2:03  Photon Cannon  
  23  2:05  Probe (Chrono Boost)  
  24  2:12  Photon Cannon  
  24  2:16  Probe (Chrono Boost)  
  25  2:23  Stalker  
  27  2:32  Warp Gate  
  27  2:38  Pylon  
  27  2:56  Nexus  
  27  2:57  Sentry  
  27  3:05  Probe (Chrono Boost)  
  30  3:18  Mothership Core (Chrono Boost)  
  32  3:29  Adept  
  34  3:38  Probe (Chrono Boost)  
  34  3:39  Pylon  
  35  3:50  Probe (Chrono Boost)  
  35  3:51  Photon Cannon  
  35  3:53  Sentry  
  36  4:00  Photon Cannon  
  39  4:02  Probe (Chrono Boost)  
  39  4:10  Pylon  
  39  4:14  Probe (Chrono Boost)  
  40  4:21  Probe (Chrono Boost)  
  41  4:27  Probe (Chrono Boost)  
  41  4:30  Pylon  
  42  4:32  Probe (Chrono Boost)  
  42  4:38  Probe (Chrono Boost)  
  44  4:42  Probe (Chrono Boost)  
  45  4:47  Stargate  
  45  4:48  Probe (Chrono Boost)  
  45  4:50  Stargate  
  46  4:53  Probe (Chrono Boost)  
  46  4:59  Probe (Chrono Boost)  
  48  5:04  Probe (Chrono Boost)  
  49  5:08  Assimilator  
  49  5:10  Probe (Chrono Boost)  
  49  5:11  Assimilator  
  49  5:12  Adept  
  53  5:14  Probe (Chrono Boost)  
  53  5:20  Probe (Chrono Boost)  
  54  5:25  Probe (Chrono Boost)  
  54  5:27  Pylon  
  55  5:31  Probe (Chrono Boost), Phoenix, Nexus  
  55  5:33  Phoenix  
  59  5:36  Probe (Chrono Boost)  
  61  5:45  Pylon  
  61  5:47  Photon Cannon  
  61  5:50  Zealot  
  61  5:56  Photon Cannon  
  63  5:58  Phoenix  
  63  6:00  Probe (Chrono Boost)  
  63  6:02  Phoenix  
  69  6:12  Probe (Chrono Boost)  
  69  6:18  Probe (Chrono Boost)  
  70  6:20  Phoenix  
  70  6:24  Probe (Chrono Boost), Phoenix  
  73  6:26  Pylon  
  73  6:30  Probe (Chrono Boost)  
  76  6:35  Pylon  
  76  6:36  Probe (Chrono Boost)  
  77  6:42  Probe (Chrono Boost), Pylon  
  77  6:44  Gateway  
  77  6:45  Gateway  
  78  6:49  Probe (Chrono Boost)  
  78  6:50  Probe (Chrono Boost)  
  78  6:52  Phoenix  
  78  6:53  Phoenix  
  80  7:00  Probe (Chrono Boost)  
  86  7:01  Probe (Chrono Boost)  
  86  7:04  Probe (Chrono Boost)  
  87  7:10  Probe (Chrono Boost)  
  87  7:13  Probe (Chrono Boost)  
  87  7:15  Photon Cannon  
  90  7:16  Probe (Chrono Boost)  
  90  7:18  Photon Cannon  
  90  7:19  Pylon  
  90  7:21  Probe (Chrono Boost), Adept  
  93  7:31  Photon Cannon x2  
  93  7:39  Void Ray  
  93  7:40  Void Ray  
  93  7:45  Pylon  
  93  7:46  Pylon  
  93  7:47  Sentry x2  
  93  7:48  Sentry  
  107  7:56  Photon Cannon x2  
  107  8:03  Twilight Council  
  107  8:07  Assimilator  
  107  8:11  Assimilator  
  107  8:19  Pylon  
  106  8:20  Void Ray  
  106  8:21  Pylon  
  106  8:22  Pylon, Adept x3  
  116  8:39  Photon Cannon  
  118  8:42  Probe x2 (Chrono Boost)  
  118  8:49  Fleet Beacon  
  118  8:55  Void Ray  
  118  8:58  Void Ray  
  122  9:08  Probe x2 (Chrono Boost)  
  122  9:09  Pylon  
  128  9:13  Protoss Air Weapons Level 1  
  128  9:14  Robotics Facility  
  128  9:17  Pylon  
  128  9:29  Stargate  
  128  9:31  Templar Archives  
  134  9:45  Tempest  
  140  10:02  Pylon  
  140  10:06  Psionic Storm  
  140  10:14  Pylon  
  140  10:16  Tempest, Nexus  
  140  10:18  Pylon  
  146  10:23  Photon Cannon  
  146  10:25  Photon Cannon  
  146  10:27  Photon Cannon  
  146  10:28  Tempest  
  152  10:38  Photon Cannon x2  
  152  10:40  Photon Cannon  
  152  10:45  Photon Cannon  
  152  10:49  Observer, Photon Cannon  
  153  10:50  Photon Cannon  
  153  10:53  Protoss Shields Level 1  
  153  11:21  High Templar x3  
  159  11:28  Photon Cannon  
  159  11:30  Probe x3 (Chrono Boost), Photon Cannon  
  159  11:31  Probe (Chrono Boost)  
  163  11:33  Photon Cannon, Carrier  
  163  11:42  Probe (Chrono Boost)  
  163  11:44  Carrier  
  160  12:02  Assimilator  
  160  12:03  Pylon  
  160  12:05  High Templar x2  
  160  12:07  Assimilator, Pylon  
  164  12:09  Pylon  
  164  12:14  Carrier  
  170  12:21  Pylon  
  170  12:27  Pylon  
  170  12:32  Photon Cannon  
  170  12:34  Photon Cannon  
  170  12:35  High Templar  
  172  12:38  High Templar  
  172  12:39  Photon Cannon  
  172  12:40  Photon Cannon  
  172  12:42  Gateway, Photon Cannon  
  174  12:47  Gateway  
  174  12:51  High Templar  
  174  12:54  Observer  
  177  13:06  Carrier  
  177  13:14  High Templar x2  
  177  13:17  Protoss Air Armor Level 1  
  187  13:22  Pylon  
  187  13:25  Graviton Catapult  
  187  13:29  Protoss Shields Level 2  
  187  13:41  Photon Cannon x2  
  187  13:43  Photon Cannon  
  187  13:44  Photon Cannon  
  187  13:45  Photon Cannon  
  187  13:52  High Templar x2  
  191  14:00  Pylon  
  191  14:05  Pylon, Stargate  
  191  14:07  Stargate  
  191  14:18  Pylon  
  191  14:35  Photon Cannon  
  191  14:37  Photon Cannon  
  191  14:38  Photon Cannon  
  191  14:39  Photon Cannon  
  191  14:40  Photon Cannon  
  191  14:41  Dark Shrine  
  191  14:52  Pylon  
  191  14:53  Photon Cannon  
  191  14:54  Photon Cannon  
  191  14:56  Photon Cannon  
  191  14:59  Photon Cannon  
  191  15:01  Photon Cannon  
  191  15:03  Adept x3  
  191  15:04  Adept x2  
  189  15:08  Colossus x3  
  189  15:13  Nexus  
  189  15:16  Assimilator  
  189  15:20  Assimilator  
  189  15:22  Photon Cannon  
  189  15:25  Photon Cannon  
  189  15:27  Pylon  
  183  15:45  Protoss Ground Weapons Level 1  
  167  15:59  Carrier  
  160  16:08  Photon Cannon  
  160  16:10  Photon Cannon  
  160  16:11  Carrier x3  
  165  16:12  Photon Cannon  
  165  16:16  Pylon, Dark Templar x3  
  188  16:21  Pylon  
  188  16:38  Photon Cannon  
  188  16:39  Probe x2 (Chrono Boost)  
  191  16:40  Photon Cannon  
  191  16:41  Probe (Chrono Boost)  
  191  16:42  Photon Cannon  
  191  16:48  High Templar x2  
  191  16:49  High Templar x2  
  191  16:53  Archon x2  
  200  17:01  Probe (Chrono Boost)  
  194  17:17  Carrier  
  193  17:26  Pylon  
  193  17:29  Assimilator  
  199  18:12  Colossus x3  
  199  18:13  Colossus  
  199  18:39  Pylon  
  183  19:57  Zealot, Adept  
  183  19:58  Zealot x2  
  199  20:06  Photon Cannon  
  199  20:07  Probe (Chrono Boost), Photon Cannon  
  199  20:08  Probe (Chrono Boost), Photon Cannon  
  199  20:09  Probe (Chrono Boost)  
  194  20:21  Adept x3  
Show
View Real Time Build Order
Export as new Build Order

SirRobin Zerg 

Build Orders: Hatch First 

Get SALT Encoding   

  12  0:00  Drone  
  13  0:09  Drone  
  14  0:17  Overlord  
  14  0:24  Drone, Extractor  
  15  0:35  Drone x2  
  17  0:52  Hatchery  
  17  0:55  Drone  
  17  1:00  Drone  
  18  1:13  Spawning Pool  
  18  1:14  Extractor  
  18  1:17  Drone  
  17  1:20  Drone  
  18  1:26  Drone  
  19  1:39  Drone  
  20  1:48  Hatchery  
  20  1:51  Drone  
  20  2:05  Spine Crawler  
  20  2:06  Zergling x2  
  20  2:07  Zergling x2  
  21  2:13  Queen  
  25  2:30  Drone x2  
  28  2:43  Overlord, Metabolic Boost  
  28  2:46  Overlord  
  24  3:20  Zergling x10  
  24  3:22  Queen  
  24  3:27  Hatchery  
  29  3:32  Drone x2  
  29  3:33  Drone x2  
  29  3:34  Drone  
  34  3:44  Drone x2  
  36  3:55  Drone  
  37  3:56  Drone x3  
  40  4:05  Overlord  
  40  4:07  Drone  
  41  4:17  Drone, Overlord  
  41  4:23  Baneling Nest  
  40  4:32  Drone  
  40  4:33  Drone x3  
  40  4:35  Queen  
  46  4:38  Queen  
  46  4:39  Drone  
  49  4:47  Drone x4  
  53  4:55  Drone  
  53  4:57  Extractor  
  53  4:58  Extractor  
  53  4:59  Drone x3  
  55  5:00  Lair, Extractor  
  54  5:10  Drone  
  54  5:11  Drone  
  56  5:15  Drone  
  56  5:16  Drone x4  
  61  5:27  Drone  
  62  5:29  Drone  
  62  5:31  Drone  
  62  5:35  Drone  
  65  5:37  Overlord x3  
  65  5:47  Overlord x2  
  65  5:55  Drone x3  
  68  6:01  Hydralisk Den  
  67  6:04  Evolution Chamber  
  67  6:05  Evolution Chamber  
  65  6:12  Drone  
  65  6:13  Drone  
  65  6:17  Overlord x2  
  67  6:29  Hydralisk x7  
  67  6:30  Hydralisk x7  
  95  6:34  Overlord  
  95  6:36  Zerg Ground Armor Level 1  
  95  6:43  Zerg Missile Weapons Level 1  
  95  6:44  Queen  
  95  6:45  Drone, Extractor  
  95  6:46  Drone x4  
  101  6:47  Extractor  
  92  7:16  Hydralisk  
  92  7:17  Hydralisk x6  
  92  7:20  Zergling x18  
  108  7:23  Spore Crawler  
  108  7:24  Spore Crawler  
  106  7:35  Spore Crawler  
  102  7:42  Spore Crawler  
  98  7:49  Overlord x3  
  98  7:50  Overlord  
  95  8:20  Drone x6  
  95  8:21  Drone x9  
  110  8:32  Infestation Pit, Zerg Ground Armor Level 2  
  110  8:33  Muscular Augments  
  109  8:36  Hatchery  
  109  8:41  Zerg Missile Weapons Level 2  
  108  8:44  Hydralisk x3  
  108  8:45  Hydralisk x2  
  114  8:59  Overlord x5  
  106  9:26  Queen  
  106  9:27  Drone  
  106  9:28  Drone x12  
  121  9:38  Overlord  
  121  9:49  Pathogen Glands  
  121  9:50  Infestor x4  
  129  9:53  Extractor  
  129  9:56  Extractor  
  127  10:00  Hatchery  
  127  10:01  Hydralisk x3  
  130  10:08  Drone  
  130  10:09  Drone  
  129  10:15  Drone x2  
  129  10:17  Drone x2  
  129  10:20  Drone  
  129  10:21  Drone x8  
  142  10:32  Queen  
  142  10:33  Queen  
  146  10:49  Burrow  
  146  11:02  Infestor x3  
  152  11:11  Overlord x4  
  149  11:21  Drone  
  149  11:22  Drone x8  
  158  11:44  Infestor x3  
  158  11:45  Infestor x2  
  160  12:01  Drone x3  
  160  12:06  Queen, Overlord  
  160  12:07  Overlord  
  167  12:09  Hydralisk x7  
  167  12:13  Drone  
  182  12:25  Hive  
  182  12:29  Zergling x2  
  184  12:30  Zergling x24  
  193  12:37  Extractor  
  193  12:39  Extractor  
  191  12:48  Hatchery  
  174  13:18  Drone  
  174  13:19  Drone x18  
  192  13:22  Spore Crawler  
  192  13:23  Spore Crawler  
  192  13:24  Spore Crawler x2  
  192  13:25  Spore Crawler x3  
  192  13:26  Spore Crawler  
  184  13:27  Spore Crawler  
  184  13:29  Zerg Melee Weapons Level 1  
  183  13:38  Nydus Network x2  
  183  13:39  Nydus Network  
  179  13:42  Overlord  
  179  13:43  Zergling x4  
  179  13:44  Zergling x32  
  197  13:54  Pneumatized Carapace  
  196  14:08  Drone x2  
  196  14:09  Drone  
  199  14:18  Spore Crawler  
  199  14:19  Spore Crawler  
  199  14:20  Spore Crawler x2  
  199  14:21  Spore Crawler x2  
  199  14:22  Spore Crawler x2  
  191  14:26  Drone x3  
  191  14:27  Hatchery  
  191  14:29  Drone x2  
  191  14:30  Hatchery  
  194  14:32  Hatchery  
  194  14:35  Overseer x3  
  193  14:38  Spore Crawler  
  192  15:11  Nydus Canal  
  192  15:18  Nydus Canal  
  192  15:23  Nydus Canal  
  192  15:34  Nydus Canal  
  149  16:11  Zergling x22  
  146  16:12  Zergling x50  
  178  16:24  Extractor  
  176  16:25  Extractor  
  176  16:29  Spore Crawler  
  176  16:30  Hydralisk x3, Spore Crawler  
  176  16:31  Hydralisk x3  
  184  16:37  Spore Crawler  
  183  16:41  Nydus Canal  
  183  16:46  Overseer  
  181  16:50  Drone x2  
  181  16:52  Drone x3  
  181  16:53  Drone x2  
  181  16:54  Drone  
  156  17:39  Drone x3  
  156  17:40  Zergling x4  
  156  17:41  Zergling x8  
  164  17:45  Zergling x2  
  164  17:46  Zergling x42  
  164  17:47  Queen  
  164  17:48  Queen  
  188  18:04  Nydus Canal  
  188  18:25  Overlord x3  
  188  18:27  Extractor x2  
  188  18:28  Extractor  
  188  18:31  Extractor  
  188  18:32  Drone  
  188  18:33  Drone x2  
  183  18:46  Drone  
  183  18:47  Drone x2  
  186  18:48  Spore Crawler  
  186  18:50  Spore Crawler  
  184  18:57  Drone x3  
  184  19:00  Spore Crawler  
  184  19:02  Spore Crawler x3  
  184  19:04  Spore Crawler  
  184  19:06  Nydus Canal  
  184  19:08  Nydus Canal  
  182  19:11  Spore Crawler  
  182  19:12  Spore Crawler  
  180  19:27  Spore Crawler  
  180  19:29  Spore Crawler  
  178  19:31  Spore Crawler  
  178  19:32  Hydralisk  
  178  19:33  Hydralisk x10  
Tags
 
Add a new tag
Caveats
  • Supply blocks, unpowered buildings, or Contaminate may cause inaccurate times.
  • Supply counts are checked every 10 seconds.